 Dungeon Crawl Stone Soup version 0.29-a0-334-gb41bcbb86e (webtiles) character file.

Game seed: 174520324864591089

60 KateM the Skirmisher (level 3, -8/34 HPs)
             Began as a Minotaur Fighter on Apr 14, 2022.
             Mangled by Grinder (9 damage)
             ... on level 3 of the Dungeon.
             The game lasted 00:01:23 (1082 turns).

KateM the Skirmisher (Minotaur Fighter)             Turns: 1082, Time: 00:01:24

Health: -8/34      AC:  7    Str: 22    XL:     3   Next: 80%
Magic:  2/2        EV:  9    Int:  5    God:
Gold:   94         SH:  4    Dex:  9    Spells: 2/2 levels left

rFire   . . .      SeeInvis .   a - +0 war axe
rCold   . . .      Faith    .   c - +0 buckler
rNeg    . . .      Spirit   .   b - +0 scale mail
rPois   .          Reflect  .   (helmet restricted)
rElec   .          Harm     .   (no cloak)
rCorr   .          Rampage  .   (no gloves)
Will    .....                   (no boots)
Stlth   ..........              (no amulet)
HPRegen 0.11/turn               (no ring)
MPRegen 0.08/turn               (no ring)

@: no status effects
A: horns 2, retaliatory headbutt
a: no special abilities


You were on level 3 of the Dungeon.
You visited 1 branch of the dungeon, and saw 3 of its levels.

You collected 94 gold pieces.

Inventory:

Hand Weapons
 a - a +0 war axe (weapon)
Missiles
 j - 2 throwing nets (quivered)
Armour
 b - a +0 scale mail (worn)
 c - a +0 buckler (worn)
Jewellery
 k - a ring of ice
Scrolls
 e - 6 scrolls of identify {unknown}
 f - 3 scrolls of amnesia {unknown}
 i - a scroll of torment {unknown}
Potions
 d - 2 potions of might
 g - 3 potions of curing {unknown}
 h - a potion of invisibility {unknown}


   Skills:
 * Level 4.5 Fighting
 * Level 3.7 Axes
 + Level 4.2 Armour
 - Level 3.6 Shields


You had 2 spell levels left.
You didn't know any spells.
Your spell library contained the following spells:

 Spells                   Type           Power      Damage    Failure   Level
 Animate Skeleton         Necr           0%         N/A       87%         1
 Apportation              Tloc           0%         N/A       87%         1
 Summon Small Mammal      Summ           0%         N/A       87%         1
 Gell's Gravitas          Tloc           0%         N/A       99%         3
 Inner Flame              Hex/Fire       0%         N/A       99%         3
 Lesser Beckoning         Tloc           0%         N/A       99%         3
 Teleport Other           Tloc           0%         N/A       99%         3
 Cause Fear               Hex            0%         N/A       100%        4
 Discord                  Hex            0%         N/A       100%        8


Dungeon Overview and Level Annotations

Branches:
Dungeon (3/15)

Altars:

Shops:
D:3 *

Annotations:
D:3 Grinder


Innate Abilities, Weirdness & Mutations

You have a pair of horns on your head.
You reflexively headbutt those who attack you in melee.


Message History

Grinder gestures at you. You resist with significant effort.
Found 2 black potions.
Found Dunyid's Assorted Antiques.
You see here a giant cockroach corpse.
There are monsters nearby!
Found a stone staircase leading up.
The quokka bites you but does no damage.
Grinder drinks a potion.
Grinder seems to grow stronger.
The quokka bites you but does no damage.
You miss the quokka.
You headbutt the quokka, but do no damage.
You block the quokka's attack.
You barely miss Grinder. You closely miss the quokka.
The quokka closely misses you.
Grinder says, "Tell me all your secrets, or I'll kill you."
Grinder hits you.
You writhe in agony.
You block the quokka's attack. Grinder gestures at you.
You suddenly lose the ability to move!
The quokka bites you. Grinder hits you!
You writhe in agony.
The quokka bites you.
* * * LOW HITPOINT WARNING * * *
Grinder hits you.
* * * LOW HITPOINT WARNING * * *
You writhe in agony.
* * * LOW HITPOINT WARNING * * *
You can move again.
You slash Grinder!
Grinder is lightly wounded.
You hit the quokka.
You kill the quokka!
Grinder gestures at you.
You barely resist. You hit Grinder. Your headbutt misses Grinder.
Grinder is moderately wounded.
Grinder gestures at you.
You barely resist. You hit Grinder.
Grinder is heavily wounded.
Grinder misses you. Grinder hits you!
You die...

.....###.
##......<.
#∩.!....#
.......#
.......##.
##........
#.†5....#
#.@.....#
#.......#
##†....##
##<..##
#####


You could see Grinder (strong).

Vanquished Creatures
  2 adders (D:2)
  2 dart slugs (D:1)
  A bat (D:1)
  4 endoplasms
  5 giant cockroaches
  3 goblins
  A hobgoblin (D:2)
  2 jackals (D:1)
  2 quokkas
  5 ball pythons
  A frilled lizard (D:1)
  A kobold (D:1)
  7 rats
36 creatures vanquished.

Notes
Turn   | Place    | Note
-------+----------+-------------------------------------------
     0 | D:1      | KateM the Minotaur Fighter began the quest for the Orb.
     0 | D:1      | Reached XP level 1. HP: 19/19 MP: 0/0
   144 | D:1      | Reached XP level 2. HP: 25/27 MP: 1/1
   468 | D:1      | You fall into a shaft and drop 1 floor!
   491 | D:2      | Reached XP level 3. HP: 33/33 MP: 2/2
   697 | D:1      | Found a faded altar of an unknown god.
  1071 | D:3      | Noticed Grinder
  1073 | D:3      | Found Dunyid's Assorted Antiques.
  1077 | D:3      | Paralysed by Grinder for 3 turns
  1079 | D:3      | HP: 1/34 [Grinder (4)]
  1082 | D:3      | Mangled by Grinder

Illustrated notes

Levels and vault maps discovered:
D:1:      wander_arrival_peaceful_grave, layout_basic,
          dreamdust_ecumenical_altar_sealed_demon
D:2:      layout_rooms
D:3:      layout_rooms, nicolae_hepliaklqana_monster_ancestors, serial_shops,
          shop, uniq_grinder

Skill      XL: |  1  2 |
---------------+-------+-----
Fighting       | 4 |  4.5
Axes           | 3 |  3.7
Armour         | 4 |  4.2
Shields        | |  3.6

Action                   || total
-------------------------++-------
Melee: War axe           ||    72
       Headbutt          ||    13
Armor: Scale mail        ||    34
Dodge: Dodged            ||    33
Block: Buckler           ||    18

Table legend: (Time is in decaauts)
 A = Elapsed time spent in this place.
 B = Non-inter-level travel time spent in this place.
 C = Inter-level travel time spent in this place.
 D = Time resting spent in this place.
 E = Time spent auto-exploring this place.
 F = Levels seen in this place.
 G = Mean time per level.
                   A        B        C        D        E       F      G
               +--------+--------+--------+--------+--------+-----+--------+
         Total |   1109 |   1109 |      0 |      0 |    855 |   3 |  369.7 |
       Dungeon |   1109 |   1109 |      0 |      0 |    855 |   3 |  369.7 |
               +--------+--------+--------+--------+--------+-----+--------+

Top non-repeatable levels by time:
     D:1: 634 daAuts
     D:2: 463 daAuts
     D:3: 12 daAuts
